 Dungeon Crawl Stone Soup version 0.27-a0-920-gb2bd10914a (webtiles) character file.

Game seed: 5636452798449849213

74169 kae the Grappler (level 15, -22/118 HPs)
             Began as a Demonspawn Gladiator on Apr 9, 2021.
             Was a High Priest of Qazlal.
             Annihilated by a white ugly thing (27 damage)
             ... summoned by a boggart
             ... on level 14 of the Dungeon.
             The game lasted 00:24:25 (24610 turns).

kae the Grappler (Demonspawn Gladiator)            Turns: 24610, Time: 00:24:25

Health: -22/118    AC: 37    Str: 23    XL:     15   Next: 6%
Magic:  24/24      EV: 16    Int: 16    God:    Qazlal [*****.]
Gold:   2787       SH:  7    Dex: 14    Spells: 14/14 levels left

rFire    . . .     SeeInvis +     - Unarmed
rCold    + . .     Faith    .   (no shield)
rNeg     . . .     Spirit   .   R - +5 chain mail {Will+}
rPois    +         Reflect  .   I - +2 helmet {SInv}
rElec    .         Harm     .   E - +2 cloak {rPois}
rCorr    .         Rampage  .   k - +5 pair of gloves of Xoaxuinogi {Regen+ Int+4}
Will     ++...                  (no boots)
Stlth    ..........             A - amulet of regeneration
HPRegen  2.29/turn              V - +4 ring of protection
MPRegen  0.19/turn              M - ring of Niynet {EV+4 Str+2 Int+2}

@: protected from cold, repel missiles
A: talons 1, molten scales 1, icemail 1, spiny 3, condensation shield
a: Renounce Religion, Upheaval, Elemental Force, Disaster Area


You were on level 14 of the Dungeon.
You worshipped Qazlal.
Qazlal was extremely pleased with you.
You visited 2 branches of the dungeon, and saw 20 of its levels.
You also visited: Gauntlet.

You collected 2967 gold pieces.
You spent 180 gold pieces at shops.

Inventory:

Missiles
 z - 13 curare-tipped darts (quivered)
 C - 2 atropa-tipped darts
Armour
 a - a +0 leather armour
 b - a +1 helmet
 k - the +5 pair of gloves of Xoaxuinogi (worn) {Regen+ Int+4}
   (You acquired it on level 5 of the Lair of Beasts)

   It affects your intelligence (+4).
   It increases your rate of health regeneration.
 E - a +2 cloak of poison resistance (worn)
 I - a +2 helmet of see invisible (worn)
 R - a +5 chain mail of willpower (worn)
Jewellery
 d - the ring "Taezorch" {rC+ Str+2 Int+4 Dex+6 Stlth-}
   (You found it in a Gauntlet)

   [ring of dexterity]

   It affects your strength (+2).
   It affects your intelligence (+4).
   It affects your dexterity (+6).
   It protects you from cold.
   It makes you less stealthy.
 j - a ring of resist corrosion
 m - a ring of willpower
 p - the ring of Accord {Drain rPois rC+++ Int+6 Dex+2}
   (You found it on level 5 of the Dungeon)

   [ring of intelligence]

   It affects your intelligence (+6).
   It affects your dexterity (+2).
   It renders you almost immune to cold.
   It protects you from poison.
   It drains your maximum health when unequipped.
 y - an amulet of reflection
 A - an amulet of regeneration (around neck)
 J - a ring of protection from cold
 L - a ring of protection from fire
 M - the ring of Niynet (right hand) {EV+4 Str+2 Int+2}
   (You found it on level 3 of the Lair of Beasts)

   [ring of evasion]

   It affects your evasion (+4).
   It affects your strength (+2).
   It affects your intelligence (+2).
 S - a ring of ice
 T - a +4 ring of evasion
 U - an amulet of faith
 V - a +4 ring of protection (left hand)
 W - a ring of protection from cold
 X - the ring of the Purple Skies {+Blink +Inv rPois MP+9 Dex-2}
   (You acquired it on level 13 of the Dungeon)

   [ring of magical power]

   It affects your dexterity (-2).
   It protects you from poison.
   It affects your magic capacity (+9).
   It lets you turn invisible.
   It lets you blink.
Wands
 e - a wand of charming (20)
 u - a wand of digging (3)
 v - a wand of acid (8)
 w - a wand of flame (4)
 x - a wand of polymorph (20)
 B - a wand of iceblast (8)
 F - a wand of paralysis (16)
 K - a wand of random effects (11)
Scrolls
 n - 2 scrolls of enchant weapon
 t - 3 scrolls of blinking
 G - 7 scrolls of teleportation
 H - 2 scrolls of brand weapon
 N - a scroll of silence
 Q - 2 scrolls of fear
 Y - a scroll of magic mapping
Potions
 f - 3 potions of brilliance
 g - 3 potions of might
 h - 2 potions of flight
 i - 2 potions of heal wounds
 l - 2 potions of ambrosia
 o - 2 potions of haste
 q - 3 potions of invisibility
 r - 7 potions of curing
 s - 2 potions of berserk rage
 D - 2 potions of lignification
 O - a potion of mutation
 P - 2 potions of resistance
 Z - a potion of attraction {unknown}


   Skills:
 - Level 11.0 Fighting
 - Level 1.7 Throwing
 + Level 12.3 Armour
 - Level 10.0 Dodging
 - Level 14.0 Unarmed Combat
 - Level 13.0 Invocations


You had 14 spell levels left.
You didn't know any spells.
Your spell library contained the following spells:

 Spells                   Type           Power      Damage    Failure   Level
 Animate Skeleton         Necr           0%         N/A       77%         1
 Apportation              Tloc           0%         N/A       77%         1
 Corona                   Hex            0%         N/A       77%         1
 Pain                     Necr           0%         1d4       77%         1
 Sting                    Tmut/Pois      0%         1d3       77%         1
 Summon Small Mammal      Summ           0%         N/A       77%         1
 Blink                    Tloc           N/A        N/A       88%         2
 Ensorcelled Hibernation  Hex/Ice        0%         N/A       88%         2
 Poisonous Vapours        Pois/Air       0%         N/A       88%         2
 Confusing Touch          Hex            0%         N/A       98%         3
 Dazzling Flash           Conj/Hex       0%         N/A       98%         3
 Gell's Gravitas          Tloc           0%         N/A       98%         3
 Ignite Poison            Fire/Tmut/Pois 0%         N/A       98%         3
 Lesser Beckoning         Tloc           0%         N/A       98%         3
 Mephitic Cloud           Conj/Pois/Air  0%         N/A       98%         3
 Teleport Other           Tloc           0%         N/A       98%         3
 Tukima's Dance           Hex            0%         N/A       98%         3
 Vampiric Draining        Necr           0%         2d6       98%         3
 Animate Dead             Necr           0%         N/A       100%        4
 Olgreb's Toxic Radiance  Pois           0%         N/A       100%        4
 Agony                    Necr           0%         N/A       100%        5
 Manifold Assault         Tloc           0%         N/A       100%        5


Dungeon Overview and Level Annotations

Branches:
Dungeon (14/15)            Temple (0/1) D:5            Lair (6/6) D:11
 Shoals (0/4) Lair:4       Spider (0/4) Lair:3        Slime (0/5) Lair:5
    Orc (0/2) D:12         Vaults (0/5) D:13        Gauntlet (visited)

Altars:
Ashenzari
Fedhas
Kikubaaqudgha
Qazlal
Sif Muna
Trog
Wu Jian
The Shining One

Shops:
D:1 *   D:2 *   D:5 (   D:12 [

Annotations:
D:11 1 runed translucent door, sastreii's ghost, journeyman DsFi
D:12 exclusion: ice statue
Lair:4 exclusion: 4 oklob plants


Innate Abilities, Weirdness & Mutations

You have sharp toenails.
You are partially covered in molten scales. (AC +2)
A meltable icy envelope protects you from harm. (AC +0)
You are completely covered in sharp spines.
A meltable shield of frost defends you. (SH +0)


Message History

The white ugly thing stings you! The white ugly thing freezes you!
* * * LOW HITPOINT WARNING * * *
The fire dragon bites you but does no damage.
The fire dragon misses you. The fire dragon closely misses you.
You hit the fire dragon but do no damage.
Your kick misses the fire dragon.
The fire dragon is almost dead.
The white ugly thing basks in the mutagenic energy from its kin and changes!
The fire dragon misses you.
The fire dragon claws you but does no damage.
The fire dragon tramples you but does no damage.
You block the white ugly thing's attack.
You pummel the fire dragon!!
You kill the fire dragon!
The fire dragon's corpse dissolves into shadows!
The white ugly thing is struck by your spines.
You kill the white ugly thing!
The white ugly thing's corpse dissolves into shadows!
You barely miss the white ugly thing.
The white ugly thing is struck by your spines.
The white ugly thing misses you.
You punch the white ugly thing! Your kick misses the white ugly thing.
The white ugly thing is moderately wounded.
You hear a horrible gurgling sound! x2
You closely miss the white ugly thing.
The white ugly thing is moderately wounded.
The white ugly thing gurgles horribly!
The white ugly thing gores you but does no damage.
The white ugly thing bites you but does no damage.
You barely miss the white ugly thing. Your kick misses the white ugly thing.
The white ugly thing is moderately wounded.
The white ugly thing bites you. The white ugly thing freezes you!!
* * * LOW HITPOINT WARNING * * *
The white ugly thing is struck by your spines.
The white ugly thing gores you!
* * * LOW HITPOINT WARNING * * *
The white ugly thing freezes you!!
Your resistance to fire fades away.
You feel protected from cold.
You die...

########## ######### #.........
## #...#...# #......... .###
#.#.###g#### #.........
.'.#####.#.#..uu@u### #.........
.#..^....#.#.#u##...####†........
.#######.#...#.####....(.........
.# #.#####.# ######......... .#
#..>....# #......... ## ###.#####
#......... #.# ###...#### #.###
##..##### ### #...#
######.......#


You could see 4 ugly things and a boggart (invisible).

Vanquished Creatures
  Gastronok (D:12)
  Azrael (D:13)
  A minotaur (Gauntlet)
  An entropy weaver (Gauntlet)
  4 hydras
  A death knight (D:12)
  2 boulder beetles
  4 two-headed ogres
  5 centaur warriors
  2 dancing weapons (D:13)
  11 death yaks
  A lindwurm (Lair:3)
  2 deep elf pyromancers (D:13)
  4 cyclopes
  A merfolk siren (Lair:4)
  6 ugly things
  4 elephants (Lair:5)
  The ghost of TheNamelessOne the Digger, a novice OpEE (D:7)
  A black mamba (Lair:6)
  28 cane toads
  3 unseen horrors (D:12)
  A rime drake (Lair:2)
  An ice devil (D:12)
  9 komodo dragons
  4 yaktaurs
  4 tyrant leeches (Lair:6)
  A polar bear (Lair:4)
  6 hornets (Gauntlet)
  5 slime creatures (D:12)
  30 blink frogs
  7 dream sheep (Lair:2)
  2 shadows (D:11)
  Sigmund (D:5)
  A redback (Gauntlet)
  3 wyverns
  A vampire (D:11)
  5 fire elementals (D:13)
  25 yaks
  A wraith (D:13)
  17 vampire mosquitoes
  Menkaure (D:5)
  4 basilisks
  2 steam dragons (D:8)
  An acid dragon (D:11)
  25 water moccasins
  4 black bears
  12 orc warriors
  3 hell hounds (D:13)
  3 sky beasts
  2 ice beasts
  12 wolves
  A boggart (D:14)
  3 necrophages (D:6)
  5 ogres
  10 centaurs
  2 phantoms
  21 bullfrogs
  A kobold brigand (D:6)
  A wyvern zombie (D:6)
  2 water moccasin skeletons
  6 killer bees (D:9)
  6 electric eels
  6 centaur zombies
  6 bullfrog zombies (D:6)
  2 hounds
  A human zombie (D:6)
  5 gnoll shamans (D:5)
  6 orc priests
  A bullfrog skeleton (D:6)
  18 jellies
  2 iguanas
  Ijyb (D:5)
  Natasha (thrice) (D:2)
  5 hell rats (Lair:2)
  6 orc wizards
  A howler monkey zombie (D:6)
  31 gnolls
  A howler monkey skeleton (D:5)
  7 adders
  4 ufetubi
  3 worms
  3 dart slugs
  43 orcs
  8 endoplasms
  3 giant cockroaches
  3 goblins
  7 hobgoblins
  29 jackals
  A quokka (D:1)
  8 ball pythons
  9 bats
  5 frilled lizards
  16 kobolds
  7 rats
586 creatures vanquished.

Vanquished Creatures (others)
  A bush (Lair:4)
  17 fungi
  144 plants
162 creatures vanquished.

Grand Total: 748 creatures vanquished

Notes
Turn   | Place    | Note
-------+----------+-------------------------------------------
     0 | D:1      | kae the Demonspawn Gladiator began the quest for the Orb.
     0 | D:1      | Reached XP level 1. HP: 16/16 MP: 1/1
   136 | D:1      | Reached skill level 3 in Unarmed Combat
   137 | D:1      | Gained mutation: You are partially covered in sharp spines.
                  | [demonic ancestry]
   137 | D:1      | Reached XP level 2. HP: 10/22 MP: 2/2
   676 | D:1      | Found Wadauly's Assorted Antiques.
   686 | D:1      | Bought a fizzy silvery potion for 17 gold pieces
   686 | D:1      | Bought a coppery potion for 17 gold pieces
   686 | D:1      | Bought a scroll labelled ECI WAEVUREAPU for 19 gold pieces
   998 | D:2      | Reached XP level 3. HP: 26/28 MP: 3/3
  1099 | D:2      | Noticed Natasha
  1108 | D:2      | Killed Natasha
  1118 | D:2      | Gained mutation: You are mostly covered in sharp spines.
                  | [demonic ancestry]
  1118 | D:2      | Reached XP level 4. HP: 25/34 MP: 4/4
  1272 | D:2      | Noticed an ogre
  1539 | D:2      | Killed an ogre
  1540 | D:2      | Reached skill level 4 in Unarmed Combat
  1540 | D:2      | Reached XP level 5. HP: 19/41 MP: 5/5
  2113 | D:2      | Found a faded altar of an unknown god.
  2135 | D:2      | Found Hauni's Assorted Antiques.
  2151 | D:2      | Bought a grey potion for 21 gold pieces
  2180 | D:2      | Noticed Natasha
  2192 | D:2      | Killed Natasha
  2430 | D:2      | Noticed Natasha
  2435 | D:2      | Killed Natasha
  2606 | D:3      | Identified a scroll of acquirement
  2606 | D:3      | Acquired 1199 gold pieces
  2772 | D:1      | Bought a scroll labelled JIUCUE XIENASE for 19 gold pieces
  2829 | D:2      | Bought a scroll labelled JODE PYUVY for 24 gold pieces
  2829 | D:2      | Bought a viscous coppery potion for 21 gold pieces
  2829 | D:2      | Bought a viscous silvery potion for 21 gold pieces
  2829 | D:2      | Bought a puce potion for 21 gold pieces
  3061 | D:3      | Found a blossoming altar of Fedhas.
  3063 | D:3      | Found a stormy altar of Qazlal.
  3071 | D:3      | Reached XP level 6. HP: 33/47 MP: 6/6
  3867 | D:3      | Became a worshipper of Qazlal Stormbringer
  3990 | D:4      | Reached skill level 5 in Unarmed Combat
  3990 | D:4      | Reached skill level 1 in Invocations
  4163 | D:4      | Gained mutation: A meltable shield of frost defends you.
                  | (SH +0) [demonic ancestry]
  4163 | D:4      | Reached XP level 7. HP: 41/54 MP: 6/8
  4256 | D:4      | Found a broken altar of Ashenzari.
  4326 | D:4      | Found a bloodstained altar of Trog.
  5005 | D:5      | Entered Level 5 of the Dungeon
  5051 | D:5      | Noticed Ijyb
  5067 | D:5      | Killed Ijyb
  5122 | D:5      | Found Kitt's Hydra Hut.
  5124 | D:5      | Noticed a four-headed hydra
  5222 | D:5      | Found a staircase to the Ecumenical Temple.
  5238 | D:5      | Found a shimmering blue altar of Sif Muna.
  5255 | D:5      | Reached * piety under Qazlal
  5256 | D:5      | Reached skill level 6 in Unarmed Combat
  5503 | D:5      | Identified the ring of Accord {Drain rPois rC+++ Int+6
                  | Dex+2}
  5509 | D:5      | Noticed Sigmund
  5536 | D:5      | Killed Sigmund
  5537 | D:5      | Gained mutation: You have sharp toenails. [demonic
                  | ancestry]
  5537 | D:5      | Reached XP level 8. HP: 16/61 MP: 9/11
  5818 | D:5      | Reached skill level 5 in Dodging
  6064 | D:5      | Reached skill level 5 in Fighting
  6277 | D:5      | Noticed Menkaure
  6283 | D:5      | Killed Menkaure
  6871 | D:5      | Found an ornate altar of the Wu Jian Council.
  6878 | D:5      | Reached skill level 7 in Unarmed Combat
  7036 | D:5      | Reached skill level 5 in Invocations
  7398 | D:5      | Reached ** piety under Qazlal
  8309 | D:6      | Gained mutation: You are partially covered in molten
                  | scales. (AC +2) [demonic ancestry]
  8309 | D:6      | Reached XP level 9. HP: 69/69 MP: 13/13
  8633 | D:6      | Reached skill level 8 in Unarmed Combat
  9138 | D:6      | Found an ancient bone altar of Kikubaaqudgha.
 10111 | D:7      | Found a runed translucent door.
 10111 | D:7      | Noticed TheNamelessOne's ghost (novice OpEE)
 10565 | D:7      | Killed TheNamelessOne's ghost
 10566 | D:7      | Reached skill level 9 in Unarmed Combat
 10566 | D:7      | Gained mutation: A meltable icy envelope protects you from
                  | harm. (AC +0) [demonic ancestry]
 10566 | D:7      | Reached XP level 10. HP: 54/77 MP: 15/15
 12151 | D:9      | Reached *** piety under Qazlal
 12911 | D:10     | Entered Level 10 of the Dungeon
 12959 | D:10     | Noticed a two-headed ogre
 12964 | D:10     | Killed a two-headed ogre
 13274 | D:10     | Reached skill level 10 in Unarmed Combat
 13377 | D:10     | Noticed a two-headed ogre
 13389 | D:10     | Killed a two-headed ogre
 14081 | D:11     | Found a staircase to the Lair.
 14086 | D:11     | Noticed a boulder beetle
 14100 | D:11     | Killed a boulder beetle
 14101 | D:11     | Gained mutation: You are completely covered in sharp
                  | spines. [demonic ancestry]
 14101 | D:11     | Reached XP level 11. HP: 16/86 MP: 5/17
 15077 | D:11     | Found a runed translucent door.
 15079 | D:11     | Noticed sastreii's ghost (journeyman DsFi)
 15433 | D:11     | Acquired a +0 cloak of poison resistance
 15481 | D:12     | Noticed Gastronok
 15543 | D:11     | Reached skill level 11 in Unarmed Combat
 15766 | D:12     | Noticed a cyan ugly thing
 15770 | D:12     | Killed a cyan ugly thing
 15771 | D:12     | Reached skill level 10 in Invocations
 16304 | D:12     | Killed Gastronok
 16328 | D:12     | Found a staircase to the Orcish Mines.
 16431 | D:12     | Found Refeycs's Armour Emporium.
 16577 | D:12     | Noticed a two-headed ogre
 16593 | D:12     | Killed a two-headed ogre
 16594 | D:12     | Reached XP level 12. HP: 74/95 MP: 20/20
 16594 | D:12     | Noticed a death knight
 16611 | D:12     | Killed a death knight
 17079 | Lair:1   | Entered Level 1 of the Lair of Beasts
 17079 | Lair:1   | Noticed a six-headed hydra
 17092 | D:11     | Reached skill level 12 in Unarmed Combat
 17095 | D:11     | Killed a six-headed hydra
 18150 | Lair:2   | Reached skill level 10 in Fighting
 18822 | Lair:3   | Found a hole to the Spider Nest.
 19561 | Lair:3   | Identified the ring of Niynet {EV+4 Str+2 Int+2}
 19598 | Lair:4   | Noticed a death yak
 19599 | Lair:4   | Noticed a death yak
 19601 | Lair:4   | Noticed an eight-headed hydra
 19601 | Lair:4   | Noticed a death yak
 19603 | Lair:4   | Noticed a death yak
 19608 | Lair:4   | Noticed a death yak
 19791 | Lair:4   | Killed an eight-headed hydra
 19792 | Lair:4   | Reached skill level 13 in Unarmed Combat
 19807 | Lair:4   | Reached XP level 13. HP: 62/103 MP: 22/22
 20071 | Lair:4   | Reached skill level 10 in Dodging
 20382 | Lair:4   | Found a staircase to the Shoals.
 20803 | Lair:5   | Reached **** piety under Qazlal
 20914 | Lair:5   | Reached skill level 14 in Unarmed Combat
 20918 | Lair:5   | Reached skill level 1 in Armour
 21156 | Lair:5   | Found a staircase to the Slime Pits.
 21610 | Lair:5   | Reached skill level 5 in Armour
 21821 | Lair:5   | Acquired the +5 pair of gloves of Xoaxuinogi {Regen+ Int+4}
 21863 | Lair:6   | Entered Level 6 of the Lair of Beasts
 21872 | Lair:6   | Reached ***** piety under Qazlal
 21937 | Lair:6   | Reached XP level 14. HP: 87/113 MP: 23/23
 23147 | D:13     | Noticed Azrael
 23153 | D:13     | Reached skill level 10 in Armour
 23164 | D:13     | Killed Azrael
 23279 | D:13     | Reached ****** piety under Qazlal
 23418 | D:13     | Found a gate to the Vaults.
 23503 | D:13     | Found a gate leading to a gauntlet.
 23523 | D:13     | Acquired the ring of the Purple Skies {+Blink +Inv rPois
                  | MP+9 Dex-2}
 23528 | Gauntlet | Entered a Gauntlet
 23528 | Gauntlet | Found a transporter.
 23528 | Gauntlet | Found a transporter.
 23528 | Gauntlet | Found a transporter.
 23575 | Gauntlet | Found a transporter.
 23578 | Gauntlet | Found a transporter.
 23582 | Gauntlet | Found a runed translucent door.
 23582 | Gauntlet | Found a runed translucent door.
 23592 | Gauntlet | Found a transporter.
 23595 | Gauntlet | Found a transporter.
 23603 | Gauntlet | Found a transporter.
 23621 | Gauntlet | Found a transporter.
 23638 | Gauntlet | Found a transporter.
 23641 | Gauntlet | Found a transporter.
 23652 | Gauntlet | Found a transporter.
 23807 | Gauntlet | Identified the ring "Taezorch" {rC+ Str+2 Int+4 Dex+6
                  | Stlth-}
 23852 | Gauntlet | Identified the +3 scale mail of Charity {*Slow Str+3 Dex+5
                  | Slay+3}
 23924 | Gauntlet | Identified the +1 helmet "Wuprim" {Stlth+}
 24453 | D:14     | Reached XP level 15. HP: 109/118 MP: 24/24
 24610 | D:14     | HP: 5/118 [white ugly thing[a boggart] (8)]
 24610 | D:14     | Annihilated by a white ugly thing

Illustrated notes

Levels and vault maps discovered:
D:1:      lightli_arrival_quake, layout_basic, serial_shops,
          nicolae_shop_overgrown_old_shop
D:2:      minmay_skewed_foursquare, layout_basic,
          hellmonk_ecumenical_altar_lost_god, serial_shops, nicolae_shop_trees,
          hangedman_abyss_or_decor_lesser_grid, bh_walls_and_bars, uniq_natasha
D:3:      layout_loops_ring, grunt_temple_overflow_forces_of_nature
D:4:      layout_cave_pools, cheibrodos_ashenzari_chains, lemuel_crystal_altar
D:5:      lemuel_castle_with_subvaults [lemuel_castle_interior_carwin_2],
          layout_basic, kennysheep_little_box, nicolae_sif_muna_condensation,
          old_standard_altar, minmay_temple_entry_antechambers,
          doesnt_shop_hydraphobe, uniq_ijyb, uniq_sigmund, uniq_menkaure
D:6:      layout_loops_corners, lemuel_mausoleum_altar_kikubaaqudgha
D:7:      layout_layer_cave, gammafunk_ghost_grave, minmay_misc_feat_rugged,
          minmay_diced_spiral
D:8:      layout_basic
D:9:      layout_gridville, chequers_serial_rivers_large_a
D:10:     layout_roguey
D:11:     layout_roguey, dpeg_oklobed_lair, gammafunk_ghost_grave
D:12:     cheibrodos_frozen_isle, layout_basic, orc_david_3, item_on_display_a,
          uniq_gastronok
D:13:     layout_basic, erik_vaults_1, gauntlet_entry_generic, uniq_azrael
D:14:     layout_roguey [special_room_orc], hangedman_abyss_or_decor_passed,
          nicolae_trove_entry_columns, minmay_crystal_box
Lair:1:   layout_cave_shapes, beast_lair_carwin_4
Lair:2:   layout_roguey, nicolae_quartered_pool_super
Lair:3:   layout_cave_pods, dummy_spider_entry, fungi_pond_lemuel
Lair:4:   layout_misc_corridors, minmay_shoals_entry_lonely_mermaid,
          grunt_megastairs_3, serial_bayou_shore_b, minmay_lair_oklob_chamber
Lair:5:   layout_gridlike, minmay_slime_entry_jelly_boxes, serial_bayou_lagoon_b
Lair:6:   minmay_lair_end_frog_pond, layout_loops_ring, serial_forest,
          infiniplex_forest_lined_1, infiniplex_forest_straight_1,
          infiniplex_forest_lined_room_2, infiniplex_forest_lined_2,
          infiniplex_forest_end_2, infiniplex_forest_clump_C,
          infiniplex_forest_zigzag_1, serial_bayou_lagoon_a, minivault_26,
          st_stairs_8

Skill      XL: |  1  2  3  4  5  6  7  8  9 10 11 12 13 14 |
---------------+-------------------------------------------+-----
Unarmed Combat | 3 4 5 6 7 9 10 11 13 14 | 14.0
Dodging        | 3 4 5 6 7 8 9 10 | 10.0
Fighting       | 3 4 5 6 8 9 10 11 | 11.0
Invocations    | 1 4 5 7 9 10 12 13 | 13.0
Armour         | 6 12 | 12.3
Throwing       | |  1.7

Action                   |  1- 3 |  4- 6 |  7- 9 | 10-12 | 13-15 || total
-------------------------+-------+-------+-------+-------+-------++-------
Melee: Unarmed           |    81 |   114 |   373 |   546 |   695 ||  1809
       Punch             |       |     2 |    18 |    30 |    53 ||   103
       Kick              |       |       |    85 |   204 |   268 ||   557
Throw: Throwing net      |       |     3 |       |       |       ||     3
Invok: Upheaval          |       |       |       |    16 |     3 ||    19
Evoke: Wand              |       |       |       |    10 |     8 ||    18
  Use: Potion            |     1 |     3 |     2 |       |       ||     6
       Scroll            |       |    10 |     8 |     3 |    14 ||    35
 Stab: Sleeping          |       |     1 |       |       |       ||     1
Armor: Leather armour    |    14 |    31 |    70 |   105 |    36 ||   256
       Chain mail        |       |       |       |       |   187 ||   187
Dodge: Dodged            |    44 |    57 |   178 |   263 |   320 ||   862
       Repelled          |       |       |       |       |     2 ||     2
Block: Other             |       |       |    85 |   164 |   306 ||   555
       Reflection        |       |       |       |     2 |       ||     2

Table legend: (Time is in decaauts)
 A = Elapsed time spent in this place.
 B = Non-inter-level travel time spent in this place.
 C = Inter-level travel time spent in this place.
 D = Time resting spent in this place.
 E = Time spent auto-exploring this place.
 F = Levels seen in this place.
 G = Mean time per level.
                   A        B        C        D        E       F      G
               +--------+--------+--------+--------+--------+-----+--------+
         Total |  24391 |  23157 |   1234 |   3685 |  16013 |  21 | 1161.5 |
       Dungeon |  18107 |  17258 |    849 |   3103 |  11810 |  14 | 1293.4 |
          Lair |   5855 |   5471 |    384 |    577 |   3938 |   6 |  975.8 |
      Gauntlet |    428 |    428 |      0 |      4 |    264 |   1 |  428.0 |
               +--------+--------+--------+--------+--------+-----+--------+

Top non-repeatable levels by time:
     D:5: 3126 daAuts
    D:11: 1737 daAuts
     D:2: 1648 daAuts
    D:12: 1531 daAuts
     D:6: 1354 daAuts
     D:1: 1273 daAuts
     D:8: 1248 daAuts
     D:3: 1156 daAuts
  Lair:5: 1091 daAuts
     D:7: 1090 daAuts
     D:4: 1076 daAuts
  Lair:6: 1073 daAuts
  Lair:4: 1031 daAuts
  Lair:3: 999 daAuts
    D:10: 972 daAuts
